 Dungeon Crawl Stone Soup version 0.27-a0-909-g0721f309d1 (console) character file.

Game seed: 1917635630202246721

644 jejorda2 the Slasher (level 7, 0/56 HPs)
             Began as a Merfolk Berserker on Apr 8, 2021.
             Was a Priest of Trog.
             Slain by an ogre
             ... wielding a +0 giant club
              (16 damage)
             ... on level 5 of the Dungeon.
             The game lasted 00:12:14 (5104 turns).

jejorda2 the Slasher (Merfolk Berserker)            Turns: 5104, Time: 00:12:14

Health: 0/56       AC: 18    Str: 19    XL:     7   Next: 52%
Magic:  7/7        EV:  7    Int:  6    God:    Trog [***...]
Gold:   151        SH:  0    Dex: 14    Spells: 6/6 levels left

rFire    + . .     SeeInvis .   a - +0 falchion
rCold    . . .     Faith    .   (no shield)
rNeg     . . .     Spirit   .   n - +0 plate armour
rPois    .         Reflect  .   x - +1 helmet
rElec    .         Harm     .   (no cloak)
rCorr    .         Rampage  .   (no gloves)
Will     .....                  s - +0 pair of boots
Stlth    ..........             d - amulet of the acrobat
HPRegen  0.18/turn              b - +4 ring of protection
MPRegen  0.10/turn              m - ring of protection from fire

@: no status effects
A: (nimble swimmer 2), mertail
a: Renounce Religion, Berserk, Trog's Hand


You were on level 5 of the Dungeon.
You worshipped Trog.
Trog was most pleased with you.
You visited 1 branch of the dungeon, and saw 5 of its levels.

You collected 151 gold pieces.

Inventory:

Hand Weapons
 a - a +0 falchion (weapon)
Missiles
 p - 10 poisoned darts (quivered)
 u - 8 boomerangs
Armour
 n - a +0 plate armour (worn)
 s - a +0 pair of boots (worn)
 x - a +1 helmet (worn)
Jewellery
 b - a +4 ring of protection (left hand)
 d - an amulet of the acrobat (around neck)
 m - a ring of protection from fire (right hand)
Scrolls
 e - 3 scrolls of enchant armour {unknown}
 h - a scroll of immolation {unknown}
 i - 3 scrolls of magic mapping {unknown}
 j - a scroll of summoning {unknown}
 o - a scroll of noise {unknown}
 r - a scroll of blinking {unknown}
 t - 2 scrolls of identify {unknown}
 v - 2 scrolls of teleportation {unknown}
 y - a scroll of enchant weapon {unknown}
Potions
 c - a potion of attraction
 f - a potion of might {unknown}
 g - a potion of heal wounds
 k - a potion of flight {unknown}
 l - 2 potions of lignification {unknown}
 q - 2 potions of curing {unknown}
 w - a potion of mutation {unknown}
 z - a potion of haste {unknown}
 A - a potion of degeneration {unknown}


   Skills:
 + Level 5.0 Fighting
 * Level 6.4 Long Blades
 + Level 2.9 Armour
 + Level 5.3 Dodging


You had 6 spell levels left.
You didn't know any spells.
Your spell library was empty.

Dungeon Overview and Level Annotations

Branches:
Dungeon (5/15)
 Temple: D:4-7

Altars:
Ru
Uskayaw
Vehumet

Annotations:
D:5 exclusion: statue


Innate Abilities, Weirdness & Mutations

((You are quick and stealthy near water. (Stealth+, EV+, Speed+++)))
Your lower body shifts to a powerful aquatic tail in water.


Message History

You climb downwards.
Level annotation: exclusion: statue
There is a stone staircase leading up here.
Found 7 gold pieces and 4 poisoned darts.
Items here: ††.
You now have 151 gold pieces (gained 7).
p - 14 poisoned darts (gained 4)
Found a stone staircase leading up.
Found 18 arrows.
An ogre and a skeleton come into view.
The ogre shouts!
You see here 18 arrows.
You throw a poisoned dart. The poisoned dart hits the ogre.
You throw a poisoned dart. The poisoned dart hits the ogre.
You throw a poisoned dart. The poisoned dart hits the ogre.
The ogre is poisoned.
You throw a poisoned dart.
The poisoned dart barely misses the ogre.
You slash the ogre!
The ogre is moderately wounded.
The ogre hits you with a +0 giant club!!
You hit the ogre.
The ogre is moderately wounded.
The ogre barely misses you.
You hit the ogre but do no damage.
The ogre is moderately wounded.
You slash the ogre!
The ogre is severely wounded.
The ogre looks more healthy.
The ogre hits you with a +0 giant club!
You hit the ogre but do no damage.
The ogre is severely wounded.
The ogre hits you with a +0 giant club!
* * * LOW HITPOINT WARNING * * *
You are too injured to fight recklessly!
You are too injured to fight recklessly!
You are too injured to fight recklessly!
Your plate armour prevents you from hitting the ogre.
The ogre is severely wounded.
The ogre hits you with a +0 giant club!
You die...

#.##.# .# .# .# #.##.#
#.# .. . #.##.###..# .#
##. #.##......# .##..
##.........#
..#.#####...........
#................###
..#.###..........# #
#@##...#.......#
#O#....#.......##
#Z..#.##........##
#..(##..#.........†.
......(.......####.####
........(.#.#..# #..###
...####.#......# ##....
.. .(#..Z...# ##### #
..##.....#


You could see an ogre and an adder skeleton.

Vanquished Creatures
  A water moccasin (D:5)
  A phantom (D:4)
  An orc priest (D:4)
  An iguana (D:5)
  2 orc wizards (D:4)
  Natasha (thrice) (D:2)
  A hound skeleton (D:4)
  Robin (D:2)
  7 gnolls
  5 adders
  An ufetubus (D:5)
  An adder skeleton (D:4)
  A worm (D:3)
  4 dart slugs
  9 orcs
  2 bats
  8 endoplasms
  A giant cockroach (D:4)
  19 goblins
  11 hobgoblins
  12 jackals
  7 kobolds
  2 quokkas
  14 ball pythons
  2 frilled lizards
  7 rats
124 creatures vanquished.

Notes
Turn   | Place    | Note
-------+----------+-------------------------------------------
     0 | D:1      | jejorda2 the Merfolk Berserker began the quest for the Orb.
     0 | D:1      | Reached XP level 1. HP: 18/18 MP: 1/1
   233 | D:1      | Reached XP level 2. HP: 17/24 MP: 2/2
   951 | D:1      | Reached XP level 3. HP: 29/29 MP: 3/3
  1247 | D:1      | Reached ** piety under Trog
  1511 | D:2      | Reached skill level 4 in Long Blades
  1516 | D:2      | Reached XP level 4. HP: 37/37 MP: 4/4
  1782 | D:2      | Noticed Robin
  1788 | D:2      | Reached XP level 5. HP: 32/42 MP: 5/5
  1800 | D:2      | Killed Robin
  2116 | D:2      | Noticed Natasha
  2139 | D:2      | Killed Natasha
  2258 | D:2      | Noticed Natasha
  2272 | D:2      | Killed Natasha
  2273 | D:2      | Reached skill level 5 in Long Blades
  2325 | D:2      | Noticed Natasha
  2334 | D:2      | Killed Natasha
  2580 | D:3      | Reached *** piety under Trog
  2623 | D:3      | Reached XP level 6. HP: 44/48 MP: 6/6
  2971 | D:3      | Found a hide-covered altar of Uskayaw.
  3320 | D:3      | Found a sacrificial altar of Ru.
  4115 | D:4      | Reached XP level 7. HP: 55/55 MP: 7/7
  4170 | D:4      | Reached skill level 5 in Dodging
  4558 | D:4      | Reached skill level 6 in Long Blades
  4768 | D:5      | Entered Level 5 of the Dungeon
  4783 | D:5      | Found a radiant altar of Vehumet.
  4797 | D:5      | Reached **** piety under Trog
  4888 | D:5      | Reached skill level 5 in Fighting
  5104 | D:5      | Slain by an ogre

Illustrated notes

Levels and vault maps discovered:
D:1:      dpeg_arrival_round_b, layout_basic
D:2:      layout_rooms, uniq_natasha, uniq_robin
D:3:      layout_basic, nicolae_ru_path_of_blood, lemuel_crystal_altar,
          corner_web_ring
D:4:      layout_basic
D:5:      layout_rooms, vehumet_statue

Skill      XL: |  1  2  3  4  5  6  7 |
---------------+----------------------+-----
Dodging        | 3 4 5 |  5.3
Long Blades    | 4 5 6 |  6.4
Armour         | 2 |  2.9
Fighting       | 4 5 |  5.0

Action                   |  1- 3 |  4- 6 |  7- 9 || total
-------------------------+-------+-------+-------++-------
Melee: Falchion          |    91 |   313 |   109 ||   513
Throw: Dart              |       |       |     4 ||     4
Invok: Berserk           |     2 |     6 |     2 ||    10
       Trog's Hand       |       |     1 |     2 ||     3
  Use: Potion            |       |       |     2 ||     2
 Stab: Sleeping          |     2 |       |       ||     2
Armor: Animal skin       |     7 |       |       ||     7
       Leather armour    |    15 |    42 |       ||    57
       Plate armour      |       |   156 |    88 ||   244
Dodge: Dodged            |    67 |   175 |    36 ||   278
       Rpst.: Falchion   |    16 |    48 |     9 ||    73

Table legend: (Time is in decaauts)
 A = Elapsed time spent in this place.
 B = Non-inter-level travel time spent in this place.
 C = Inter-level travel time spent in this place.
 D = Time resting spent in this place.
 E = Time spent auto-exploring this place.
 F = Levels seen in this place.
 G = Mean time per level.
                   A        B        C        D        E       F      G
               +--------+--------+--------+--------+--------+-----+--------+
         Total |   5231 |   5125 |    106 |    920 |   3123 |   5 | 1046.2 |
       Dungeon |   5231 |   5125 |    106 |    920 |   3123 |   5 | 1046.2 |
               +--------+--------+--------+--------+--------+-----+--------+

Top non-repeatable levels by time:
     D:4: 1629 daAuts
     D:1: 1428 daAuts
     D:2: 1214 daAuts
     D:3: 787 daAuts
     D:5: 171 daAuts
